 Seeded DCSS version 0.31-a0-977-gc230f8ef24 (webtiles) character file.

Game seed: 2954187639400825480 (custom seed)

9695 timneilson the Grappler (level 11, 0/75 HPs)
             Began as an Octopode Shapeshifter on Oct 29, 2023.
             Was an Initiate of Gozag.
             Succumbed to a killer bee's poison
             ... on level 8 of the Dungeon on Oct 30, 2023.
             The game lasted 00:39:06 (10948 turns).

timneilson the Grappler (Octopode Shapeshifter)    Turns: 10948, Time: 00:39:06

Health: 0/75       AC:  5    Str: 16 (17) XL:     11   Next: 50%
Magic:  18/18      EV: 20    Int: 11 (13) God:    Gozag
Gold:   57         SH:  6    Dex: 11 (12) Spells: 18/19 levels left

rFire   . .          .
                       - Unarmed
rCold   . . .        e - +3 warlock's mirror {omnireflect}
rNeg    . . .        (helmet currently unavailable)
rPois   .            B - amulet of the acrobat
rElec   .            g - +4 ring of slaying
rCorr   .            y - +5 ring of evasion
SInv    .            t - +4 ring of protection
Will    .....        (no ring)
Stlth   ++++         (no ring)
HPRegen 0.32/turn    (no ring)
MPRegen 0.16/turn    (no ring)
                     (no ring)

%: reflection, acrobat
@: lethally poisoned (0 -> -1), beast-form, gold aura
A: beast (slay +4), almost no armour, amphibious, 8 rings, camouflage 1,
gelatinous body 1, (nimble swimmer 1), tentacles
a: Begin Untransformation, Renounce Religion, Potion Petition, Call Merchant,
Bribe Branch


You were on level 8 of the Dungeon.
You worshipped Gozag.
Gozag was noncommittal.
You were a hulking beast.
You visited 2 branches of the dungeon, and saw 12 of its levels.
You also visited: Sewer.

You collected 884 gold pieces.
You spent 546 gold pieces at shops.
You paid 281 gold pieces to Gozag.

Inventory:

Armour
 e - the +3 warlock's mirror (worn) {omnireflect}
   (You acquired it on level 2 of the Dungeon)

   Omnireflect: It can block and reflect piercing ranged attacks and magical
   attacks against the wielder's willpower.
 v - a +1 hat
Jewellery
 g - a +4 ring of slaying (left tentacle)
 t - a +4 ring of protection (on tentacle)
 y - a +5 ring of evasion (right tentacle)
 B - an amulet of the acrobat (around mantle)
 C - a ring of fire
Talismans
 b - a beast talisman
 c - a flux talisman
 j - a blade talisman
Wands
 i - a wand of digging (10)
 q - a wand of flame (27)
 r - a wand of roots (20)
Scrolls
 k - 2 scrolls of immolation
 l - 3 scrolls of blinking
 m - 10 scrolls of teleportation
 n - 2 scrolls of poison
 p - 2 scrolls of enchant weapon
 u - 2 scrolls of fog
 x - 2 scrolls of fear
 D - a scroll of noise
Potions
 a - 4 potions of lignification
 d - 2 potions of enlightenment
 f - 4 potions of attraction
 h - 2 potions of mutation
 o - 3 potions of brilliance
 s - 2 potions of cancellation
 A - 2 potions of magic


   Skills:
 * Level 7.4 Fighting
 * Level 7.7 Dodging
 + Level 5.0 Stealth
 + Level 0.2 Shields
 * Level 8.1 Unarmed Combat
 + Level 4.8 Spellcasting
 + Level 4.9 Summonings
 + Level 5.2 Evocations
 * Level 7.5 Shapeshifting


You had 18 spell levels left.
You knew the following spells:

 Your Spells              Type           Power      Damage    Failure   Level
a - Summon Small Mammal   Summ           52%        N/A       3%          1

Your spell library contained the following spells:

 Spells                   Type           Power      Damage    Failure   Level
 Call Canine Familiar     Summ           13%        N/A       11%         3
 Summon Guardian Golem    Hex/Summ       8%         N/A       30%         3
 Vhi's Electric Charge    Tloc/Air       4%         N/A       96%         4
 Arcjolt                  Conj/Air       1%         1d11      100%        5
 Plasma Beam              Fire/Air       1%         2x1d11    100%        6


Dungeon Overview and Level Annotations

Branches:
Dungeon (11/15)            Temple (1/1) D:7            Lair (0/5) D:9
  Sewer (visited)
    Orc: D:9-12

Altars:
Ashenzari
Cheibriados
Dithmenos
Elyvilon
Fedhas
Gozag
Hepliaklqana
Kikubaaqudgha
Makhleb
Nemelex Xobeh
Okawaru
Qazlal
Ru
Sif Muna
Trog
Uskayaw
Vehumet
Xom
Yredelemnul
Zin
The Shining One

Shops:
D:1 *   D:2 *(   D:3 (*   D:4 *   D:6 ?[!(   D:8 (

Annotations:
D:7 exclusion: statue
D:9 Harold


Innate Abilities, Weirdness & Mutations

You are a hulking beast.
Your limbs bulge with bestial killing power. (Slay +4)
You cannot wear most types of armour.
You are amphibious.
You can wear up to eight rings at the same time.
Your skin changes colour to match your surroundings (Stealth+).
Your rubbery body absorbs attacks. (AC +1, EV +1)
((You are camouflaged when in or above water. (Stealth+)))
You have tentacles for arms and can constrict up to eight enemies at once.


Message History

The killer bee poisons you! You block the killer bee's attack.
The killer bee closely misses you.
The killer bee completely misses you. x2
* * * LOW HITPOINT WARNING * * *
You feel very sick.
The killer bee attacks as it pursues you!
The killer bee completely misses you. x3; The killer bee closely misses you.
The killer bee barely misses you.
* * * LOW HITPOINT WARNING * * *
You feel sick.
* * * LOW HITPOINT WARNING * * *
You feel sick. The killer bee completely misses you.
The killer bee attacks as it pursues you!
You block the killer bee's attack. The killer bee closely misses you.
You block the killer bee's attack. The killer bee misses you. x2
* * * LOW HITPOINT WARNING * * *
You feel sick. The killer bee completely misses you.
You bludgeon the killer bee! You grab the killer bee.
The killer bee is severely wounded.
You constrict the killer bee.
* * * LOW HITPOINT WARNING * * *
You feel sick. The killer bee barely misses you. x2
You bludgeon the killer bee!
You kill the killer bee!
* * * LOW HITPOINT WARNING * * *
You feel sick.
The killer bee stings you but does no damage.
Your life force feels restored.
Unknown command.
Okay, then.
Okay, then.
* * * LOW HITPOINT WARNING * * *
You feel sick. The killer bee completely misses you.
The killer bee is distracted by your dazzling golden aura.
The killer bee completely misses you.
You completely miss the killer bee.
The killer bee buzzes angrily.
Your grab misses the killer bee. You squeeze the killer bee!
The killer bee is almost dead.
You die...
Your body crumbles into a pile of gold.

#.####......# .........####
....###..# .##.# #..# #######
.##.###..# ######......
......∩..####### #.......###.
.##.#...[[[....# #[......###.
.##<#.##.#.>.#y#######<##......#.
....#.##.)....yyh...##)##........
....>....#...#.####...)......#.#.
.####.##.......# ####...........
.## #.#####.#### #.###..#..#. ..#
#.........## #......#.##. ..#
####.##....### #####....... ..#
#.#.......####### #.......
[.######.#.##..#.#.....# ####.###
......##.#.##..#.#.....# #.#


You could see 3 killer bees.

Vanquished Creatures
  Gastronok (D:9)
  A hydra (D:10)
  A deep elf pyromancer (D:9)
  Joseph (D:9)
  Grinder (D:5)
  2 trolls (D:10)
  Sigmund (D:3)
  A shadow (D:10)
  13 yaks
  A wyvern (D:7)
  A steam dragon (D:8)
  5 water moccasins
  Edmund (D:5)
  2 black bears
  Pargi (Sewer)
  An orc warrior (D:7)
  3 sky beasts
  5 ogres
  A phantom (D:6)
  A centaur (D:8)
  2 kobold brigands (D:7)
  2 scorpions
  2 bullfrogs
  3 wights
  9 killer bees
  4 electric eels (D:8)
  2 hounds (D:6)
  4 orc priests
  6 jellies
  Ijyb (D:3)
  4 sleepcaps
  Crazy Yiuf (D:5)
  An iguana (D:5)
  Natasha (thrice) (D:3)
  14 orc wizards
  4 gnolls (D:5)
  11 adders
  2 river rats (D:4)
  4 white imps
  3 ufetubi
  2 worms
  3 dart slugs
  27 orcs
  3 bats
  17 endoplasms
  2 giant cockroaches
  7 goblins
  5 hobgoblins (D:1)
  7 jackals
  11 kobolds
  6 quokkas
  7 ball pythons
  3 frilled lizards
  4 rats
230 creatures vanquished.

Notes
Turn   | Place    | Note
-------+----------+-------------------------------------------
     0 | D:1      | timneilson the Octopode Shapeshifter began the quest for
                  | the Orb.
     0 | D:1      | Reached XP level 1. HP: 13/13 MP: 1/1
    32 | D:1      | Found Miczi's Assorted Antiques.
   138 | D:1      | Reached XP level 2. HP: 18/18 MP: 2/2
   372 | D:1      | Reached XP level 3. HP: 23/23 MP: 3/3
   677 | D:1      | Reached skill level 1 in Stealth
   924 | D:2      | Reached XP level 4. HP: 25/29 MP: 4/4
   969 | D:2      | Found Yhoon's Weapon Shoppe.
  1055 | D:2      | Found a glowing golden altar of the Shining One.
  1072 | D:2      | Noticed a glass eye
  1074 | D:2      | Found a faded altar of an unknown god.
  1077 | D:2      | Noticed a golden eye
  1081 | D:2      | Noticed an eye of devastation
  1081 | D:2      | Noticed a golden eye
  1296 | D:2      | Found Usydeci's General Store.
  1386 | D:3      | Noticed Natasha
  1402 | D:3      | Killed Natasha
  1403 | D:3      | Reached XP level 5. HP: 21/34 MP: 4/6
  1565 | D:3      | Learned a level 1 spell: Summon Small Mammal
  1600 | D:3      | Found Kybbuynt's Antique Weapon Shoppe.
  1600 | D:3      | Noticed Natasha
  1602 | D:3      | Noticed Sigmund
  1635 | D:3      | Killed Sigmund
  1636 | D:3      | Reached skill level 1 in Spellcasting
  1636 | D:3      | Reached XP level 6. HP: 40/41 MP: 7/7
  1707 | D:3      | Found Zin's Purification Station.
  1712 | D:3      | Found a glowing silver altar of Zin.
  1760 | D:3      | Noticed Ijyb
  2154 | D:3      | Killed Ijyb
  2155 | D:3      | Reached skill level 1 in Summonings
  2252 | D:3      | Killed Natasha
  2253 | D:3      | Reached skill level 4 in Unarmed Combat
  2267 | D:3      | Noticed Natasha
  2271 | D:3      | Killed Natasha
  2407 | D:4      | Found Syxt's Assorted Antiques.
  2437 | D:4      | Reached XP level 7. HP: 43/46 MP: 9/9
  2658 | D:4      | Found a glowing drain.
  2662 | Sewer    | Entered a sewer
  2727 | Sewer    | Noticed Pargi
  2738 | Sewer    | Killed Pargi
  2739 | Sewer    | Reached skill level 1 in Evocations
  3150 | D:5      | Entered Level 5 of the Dungeon
  3295 | D:5      | Noticed Edmund
  3300 | D:5      | Killed Edmund
  3301 | D:5      | Reached XP level 8. HP: 24/54 MP: 9/11
  3430 | D:5      | Noticed Grinder
  3523 | D:5      | Found a runed translucent door.
  3524 | D:5      | Noticed Crazy Yiuf
  3678 | D:5      | Found a shadowy altar of Dithmenos.
  3954 | D:5      | Reached skill level 5 in Unarmed Combat
  3954 | D:5      | Reached skill level 5 in Shapeshifting
  4334 | D:5      | Killed Grinder
  4335 | D:5      | Reached XP level 9. HP: 32/59 MP: 11/13
  4817 | D:6      | Reached skill level 5 in Dodging
  4819 | D:6      | Found Ziergh's Distillery.
  5163 | D:6      | Found Yxuappal's Magic Scroll Boutique.
  5169 | D:6      | Bought a scroll of identify for 26 gold pieces
  5311 | D:6      | Found Nicin's Antique Armour Shoppe.
  5556 | D:6      | Reached skill level 5 in Stealth
  5575 | D:6      | Found Luosch's Weapon Boutique.
  5580 | D:6      | Reached skill level 5 in Fighting
  5666 | D:6      | Reached skill level 6 in Unarmed Combat
  6392 | D:7      | Found a staircase to the Ecumenical Temple.
  6401 | Temple   | Entered the Ecumenical Temple
  6480 | D:7      | Reached XP level 10. HP: 67/67 MP: 15/15
  6481 | D:7      | Found a radiant altar of Vehumet.
  7526 | D:8      | Found Wony's Antique Weapon Boutique.
  8025 | D:8      | Reached skill level 7 in Unarmed Combat
  8039 | D:8      | You fall into a shaft and drop 3 floors!
  8039 | Gauntlet | Identified the "Xoklen"
  8075 | D:10     | Entered Level 10 of the Dungeon
  8207 | D:9      | Noticed Joseph
  8502 | D:10     | Noticed a four-headed hydra
  8509 | D:10     | Killed a four-headed hydra
  8656 | D:10     | Reached XP level 11. HP: 58/74 MP: 17/17
  8762 | D:10     | Found a stormy altar of Qazlal.
  8765 | D:10     | Found an ancient bone altar of Kikubaaqudgha.
  8768 | D:10     | Found an iron altar of Okawaru.
  8769 | D:10     | Found an opulent altar of Gozag.
  8769 | D:10     | Found a bloodstained altar of Trog.
  8769 | D:10     | Found a blossoming altar of Fedhas.
  8769 | D:10     | Found a white marble altar of Elyvilon.
  8779 | D:10     | Found a glowing golden altar of the Shining One.
  8782 | D:10     | Became a worshipper of Gozag Ym Sagoz the Greedy
  9397 | D:9      | Found a staircase to the Lair.
  9410 | D:9      | Noticed Gastronok
  9413 | D:9      | Noticed Harold
  9679 | D:9      | Killed Gastronok
  9680 | D:9      | Reached skill level 5 in Evocations
 10028 | D:9      | Noticed a deep elf pyromancer
 10036 | D:9      | Killed a deep elf pyromancer
 10199 | D:9      | Reached skill level 8 in Unarmed Combat
 10361 | D:2      | Bought a scroll of acquirement for 520 gold pieces
 10361 | D:2      | Acquired the +3 warlock's mirror {omnireflect}
 10361 | D:2      | Found the +3 warlock's mirror {omnireflect}
 10540 | D:5      | Killed Crazy Yiuf
 10689 | D:9      | Killed Joseph
 10944 | D:8      | HP: 3/74 [poisoned by a killer bee]
 10946 | D:8      | HP: 1/74 [poisoned by a killer bee]
 10948 | D:8      | Succumbed to a killer bee's poison

Illustrated notes

Levels and vault maps discovered:
D:1:      saegor_arrival_simple_e, layout_loops_cross, serial_shops,
          nicolae_shop_dealshenge, minmay_misc_feat_nine_boxes
D:2:      layout_basic, serial_shops, nicolae_shop_behind_doors,
          nicolae_diamond_shop, hellmonk_ecumenical_altar_watching_god,
          basic_altar
D:3:      layout_loops_corners, zin_purify, serial_shops,
          nicolae_shop_gibbet_a_chance, st_stairs_9, uniq_ijyb, uniq_natasha,
          uniq_sigmund
D:4:      layout_rooms, serial_shops, nicolae_shop_crystal,
          gup_sewer_entry_spiral
D:5:      layout_loops_ring, nicolae_dithmenos_the_darkroom, st_stairs_10,
          uniq_grinder, uniq_crazy_yiuf_cottage, uniq_edmund
D:6:      layout_loops_ring, serial_shops, shop, shop,
          nicolae_shop_behind_doors, nicolae_shop_trees,
          hangedman_decor_slide_cut
D:7:      layout_loops_ring, vehumet_statue, lemuel_temple_firewalk_b,
          kennysheep_generic_room_14
D:8:      layout_loops_cross, serial_shops, shop, water_maze_lemuel
D:9:      layout_gridville, nzn_wu_jian_contemplation, lair_entry_dummy,
          minivault_7, uniq_harold, uniq_joseph, uniq_gastronok, uniq_jeremiah
D:10:     layout_gridville, minitemple
D:11:     layout_long_grid, gauntlet_entry_generic, lightli_elemental_guards
Temple:   hellmonk_temple_rainy

Skill      XL: |  1  2  3  4  5  6  7  8  9 10 11 |
---------------+----------------------------------+-----
Stealth        | 1 2 3 4 5 |  5.0
Fighting       | 2 3 4 5 6 7 |  7.4
Dodging        | 3 4 6 7 |  7.7
Spellcasting   | 1 2 3 4 |  4.8
Shapeshifting  | 4 5 6 7 |  7.5
Summonings     | 1 2 3 4 |  4.9
Unarmed Combat | 4 5 6 7 8 |  8.1
Evocations     | 1 2 3 4 5 |  5.2
Shields        | |  0.2

Action                     |  1- 3 |  4- 6 |  7- 9 | 10-12 || total
---------------------------+-------+-------+-------+-------++-------
  Melee: Unarmed           |    58 |    42 |   208 |   208 ||   516
         Constrict         |    18 |     7 |    47 |    25 ||    97
         Tentacles         |    10 |    11 |    47 |    52 ||   120
         Punch             |       |       |    11 |    12 ||    23
  Evoke: Wand              |       |       |     1 |     5 ||     6
    Use: Scroll            |     3 |     3 |    11 |     6 ||    23
         Potion            |       |     2 |     5 |     8 ||    15
   Stab: Sleeping          |     3 |     6 |    15 |     4 ||    28
         Distracted        |       |       |     1 |     1 ||     2
 Armour: Skin              |    18 |    10 |    94 |    93 ||   215
  Dodge: Dodged            |    35 |    20 |   100 |   292 ||   447
  Block: Buckler           |       |       |       |    25 ||    25

Table legend: (Time is in decaauts)
 A = Elapsed time spent in this place.
 B = Non-inter-level travel time spent in this place.
 C = Inter-level travel time spent in this place.
 D = Time resting spent in this place.
 E = Time spent auto-exploring this place.
 F = Levels seen in this place.
 G = Mean time per level.
                   A        B        C        D        E       F      G
               +--------+--------+--------+--------+--------+-----+--------+
         Total |  10893 |  10136 |    757 |   2187 |   3536 |  13 |  837.9 |
       Dungeon |  10675 |   9918 |    757 |   2187 |   3427 |  11 |  970.5 |
        Temple |      1 |      1 |      0 |      0 |      0 |   1 |    1.0 |
         Sewer |    215 |    215 |      0 |      0 |    109 |   1 |  215.0 |
               +--------+--------+--------+--------+--------+-----+--------+

Top non-repeatable levels by time:
     D:8: 1720 daAuts
     D:5: 1711 daAuts
     D:7: 1373 daAuts
     D:6: 1109 daAuts
     D:3: 1018 daAuts
    D:10: 857 daAuts
     D:4: 745 daAuts
     D:1: 734 daAuts
     D:9: 688 daAuts
     D:2: 680 daAuts
   Sewer: 215 daAuts
    D:11: 35 daAuts
  Temple: 1 daAuts
